Map: Nova Gettysburg ER

Players

Dedinho - Winner!

  • Race: Zerg Zerg
  • League: Diamond

Lullaby

  • Race: Protoss Protoss
  • League: Master

VOD

Have the link to the VOD?

Description

Time

  • Played on: Sept. 15, 2016, 1:48 p.m.
  • Length: 15:23
Show
View Real Time Build Order
Export as new Build Order

Dedinho Zerg - Winner!

Build Orders: Pool First 

Get SALT Encoding   

  12  0:03  Drone  
  13  0:11  Drone  
  14  0:27  Spawning Pool  
  13  0:32  Drone  
  14  0:41  Extractor x2  
  14  0:42  Drone  
  13  0:43  Drone  
  13  0:48  Overlord  
  16  1:16  Zergling x2  
  16  1:17  Zergling x4  
  19  1:28  Zergling x2  
  19  1:31  Hatchery  
  19  1:40  Zergling x2  
  20  1:57  Queen  
  20  1:59  Overlord  
  22  2:12  Extractor  
  21  2:20  Zergling x4  
  23  2:34  Queen  
  25  2:41  Hatchery  
  24  2:47  Drone x4  
  28  3:05  Spine Crawler  
  27  3:08  Drone x2  
  30  3:20  Spine Crawler  
  30  3:25  Drone  
  30  3:26  Drone x4, Metabolic Boost  
  34  3:42  Spore Crawler  
  34  3:44  Drone x3  
  34  3:47  Overlord  
  35  4:15  Drone x5  
  40  4:22  Hatchery  
  39  4:35  Drone x5  
  39  4:37  Overlord  
  44  4:50  Lair  
  44  4:54  Extractor  
  44  4:55  Queen  
  45  5:00  Zergling x2  
  45  5:01  Zergling x12  
  52  5:31  Overlord  
  52  5:32  Overlord  
  53  5:35  Drone x2  
  53  5:36  Drone  
  45  5:50  Zergling x16  
  53  6:19  Drone  
  53  6:20  Drone, Roach Warren  
  53  6:21  Drone x8  
  62  6:26  Extractor  
  58  6:40  Extractor  
  58  6:43  Roach Warren  
  56  6:47  Evolution Chamber  
  56  6:48  Evolution Chamber  
  56  6:49  Drone x3  
  56  6:50  Drone x3  
  56  6:54  Drone x3  
  62  7:23  Spire  
  62  7:25  Zerg Melee Weapons Level 1  
  62  7:26  Zerg Ground Armor Level 1  
  61  7:34  Zergling x26  
  74  7:37  Overlord x4  
  74  7:56  Overlord  
  74  8:02  Drone  
  74  8:03  Drone x3  
  74  8:04  Drone  
  74  8:05  Drone x2  
  70  8:37  Mutalisk x5  
  70  8:38  Mutalisk x8  
  95  8:46  Drone x7  
  102  8:49  Extractor  
  102  8:51  Extractor  
  100  9:00  Overlord x3  
  98  9:25  Drone x8  
  98  9:26  Drone x7  
  98  9:29  Hatchery  
  112  9:50  Zergling x2  
  112  9:51  Zergling x22  
  124  9:59  Baneling Nest  
  123  10:06  Mutalisk  
  123  10:07  Mutalisk x5  
  129  10:26  Zerg Melee Weapons Level 2  
  129  10:27  Zerg Ground Armor Level 2  
  129  10:52  Mutalisk  
  129  10:53  Mutalisk x2  
  129  10:56  Overlord x3  
  123  11:23  Zergling x2  
  123  11:24  Zergling x34  
  136  11:43  Baneling x8  
  136  11:44  Baneling x26  
  136  11:48  Centrifical Hooks  
  113  12:20  Mutalisk  
  113  12:21  Mutalisk x6  
  105  12:24  Zergling x24  
  105  12:25  Zergling x8  
  113  12:39  Queen  
  115  12:47  Infestation Pit  
  115  12:48  Hatchery  
  113  13:06  Zergling x2  
  113  13:07  Zergling x40  
  134  13:22  Baneling x19  
  134  13:23  Baneling x12  
  116  14:24  Zergling x26  
  116  14:25  Zergling x24  
  140  14:31  Baneling  
  140  14:32  Baneling x29  
  140  14:33  Baneling x6  
  140  14:38  Overlord x2  
Show
View Real Time Build Order
Export as new Build Order

Lullaby Protoss 

Build Orders: 1 Gate Expand 

Get SALT Encoding   

  12  0:02  Probe (Chrono Boost)  
  13  0:13  Probe (Chrono Boost)  
  14  0:18  Pylon  
  14  0:23  Probe (Chrono Boost)  
  15  0:37  Probe (Chrono Boost)  
  15  0:40  Gateway  
  16  0:47  Probe (Chrono Boost)  
  16  0:49  Assimilator  
  17  0:59  Probe (Chrono Boost)  
  18  1:09  Probe (Chrono Boost)  
  19  1:20  Probe (Chrono Boost)  
  20  1:28  Nexus  
  20  1:32  Probe (Chrono Boost)  
  21  1:44  Cybernetics Core  
  21  1:45  Probe (Chrono Boost)  
  22  1:51  Pylon  
  22  1:57  Assimilator  
  22  2:10  Pylon  
  22  2:13  Zealot  
  23  2:23  Warp Gate  
  23  2:29  Mothership Core (Chrono Boost)  
  25  2:40  Gateway x2  
  25  2:45  Adept  
  25  2:47  Probe (Chrono Boost)  
  28  2:58  Probe (Chrono Boost)  
  29  3:02  Pylon  
  29  3:07  Pylon  
  29  3:08  Probe (Chrono Boost)  
  30  3:19  Probe (Chrono Boost)  
  31  3:20  Adept  
  33  3:35  Nexus  
  33  3:37  Probe (Chrono Boost)  
  34  3:44  Sentry x2  
  39  3:49  Probe (Chrono Boost)  
  39  4:08  Pylon  
  39  4:23  Pylon  
  39  4:28  Probe (Chrono Boost)  
  40  4:35  Adept x2  
  40  4:36  Adept  
  47  4:39  Probe (Chrono Boost)  
  47  4:43  Robotics Facility  
  47  4:48  Probe (Chrono Boost)  
  47  4:50  Probe (Chrono Boost)  
  49  4:59  Probe (Chrono Boost)  
  50  5:00  Probe (Chrono Boost)  
  50  5:04  Adept x3  
  57  5:10  Probe (Chrono Boost)  
  57  5:11  Probe (Chrono Boost)  
  59  5:20  Probe (Chrono Boost)  
  60  5:22  Probe (Chrono Boost)  
  61  5:31  Probe (Chrono Boost)  
  61  5:32  Probe (Chrono Boost)  
  63  5:41  Probe (Chrono Boost), Warp Prism  
  67  5:43  Probe (Chrono Boost)  
  65  5:50  Adept x2  
  69  6:01  Gateway x2  
  69  6:07  Twilight Council  
  69  6:09  Probe (Chrono Boost)  
  70  6:20  Pylon  
  70  6:33  Blink  
  70  6:36  Assimilator  
  70  6:38  Probe x2 (Chrono Boost), Assimilator  
  72  6:41  Pylon  
  72  6:43  Forge  
  72  6:44  Adept  
  72  6:45  Adept x2  
  78  6:59  Observer, Probe (Chrono Boost)  
  78  7:01  Probe (Chrono Boost)  
  81  7:02  Protoss Ground Weapons Level 1  
  81  7:05  Sentry  
  81  7:06  Sentry  
  85  7:10  Probe (Chrono Boost)  
  85  7:12  Nexus  
  86  7:34  Pylon  
  86  7:36  Pylon  
  86  7:38  Assimilator  
  86  7:44  Assimilator  
  86  7:52  Observer  
  86  7:53  Probe x2 (Chrono Boost)  
  86  7:57  Stalker x5  
  101  8:05  Probe (Chrono Boost)  
  101  8:06  Pylon, Probe (Chrono Boost)  
  101  8:08  Pylon  
  101  8:10  Pylon  
  101  8:18  Probe (Chrono Boost)  
  102  8:25  Stalker  
  102  8:26  Probe (Chrono Boost), Stalker x4  
  111  8:29  Probe (Chrono Boost)  
  111  8:30  Probe (Chrono Boost)  
  113  8:38  Gateway, Probe (Chrono Boost)  
  113  8:39  Gateway, Probe (Chrono Boost)  
  110  8:41  Gateway  
  110  8:42  Probe (Chrono Boost)  
  111  8:49  Resonating Glaives  
  111  8:50  Probe x2 (Chrono Boost)  
  111  8:54  Probe (Chrono Boost)  
  113  9:00  Probe (Chrono Boost)  
  113  9:01  Templar Archives  
  113  9:02  Protoss Ground Weapons Level 2, Probe (Chrono Boost)  
  115  9:06  Probe (Chrono Boost), Adept x2  
  115  9:07  Adept x2  
  124  9:15  Adept  
  126  9:18  Immortal  
  130  9:37  Stalker x4  
  130  9:38  Stalker  
  119  9:55  Probe (Chrono Boost)  
  119  9:56  Probe x2 (Chrono Boost)  
  114  10:11  Stalker x7  
  127  10:27  Nexus  
  127  10:38  Zealot x3  
  127  10:41  Zealot  
  135  10:53  Probe (Chrono Boost)  
  135  10:54  Probe (Chrono Boost)  
  135  10:55  Probe (Chrono Boost)  
  128  11:03  Protoss Shields Level 1  
  128  11:04  Probe (Chrono Boost)  
  129  11:06  Probe (Chrono Boost)  
  129  11:07  Probe (Chrono Boost)  
  131  11:14  Probe (Chrono Boost)  
  128  11:19  Probe x2 (Chrono Boost)  
  116  11:31  Probe x2 (Chrono Boost)  
  116  11:32  Probe (Chrono Boost)  
  120  11:40  Probe (Chrono Boost)  
  120  11:41  Probe (Chrono Boost)  
  120  11:43  Probe (Chrono Boost)  
  120  11:44  Probe (Chrono Boost)  
  123  11:49  Stalker  
  123  11:50  Probe (Chrono Boost), Stalker x3  
  123  11:51  Stalker x3  
  123  11:52  Probe (Chrono Boost)  
  140  11:55  Probe (Chrono Boost)  
  140  12:00  Probe (Chrono Boost)  
  140  12:01  Probe (Chrono Boost)  
  142  12:02  Probe (Chrono Boost)  
  142  12:08  Probe (Chrono Boost)  
  144  12:11  Probe (Chrono Boost)  
  144  12:12  Probe (Chrono Boost)  
  144  12:13  Probe (Chrono Boost)  
  101  12:37  Adept x5  
  101  12:38  Adept x2  
  101  12:40  Protoss Shields Level 2, Adept  
  117  12:48  Probe x2 (Chrono Boost)  
  117  12:49  Probe x2 (Chrono Boost)  
  117  12:50  Pylon  
  121  12:52  Pylon  
  121  12:54  Pylon  
  121  13:03  High Templar x2  
  121  13:04  High Templar x6  
  137  13:09  Gateway  
  137  13:10  Gateway, Archon  
  137  13:11  Archon x2  
  137  13:12  Archon  
  137  13:16  Immortal  
  141  13:25  Assimilator  
  141  13:27  Assimilator  
  141  13:43  High Templar x4  
  141  13:48  Archon x2  
  149  13:58  Sentry  
  130  14:15  Adept x4  
  130  14:16  Adept x3  
  142  14:23  Photon Cannon x2  
  142  14:25  Photon Cannon x2  
  145  14:31  Probe x3 (Chrono Boost)  
  145  14:32  Probe (Chrono Boost)  
  145  14:35  High Templar  
  145  14:36  High Templar x3  
  154  14:41  Archon x2  
  154  14:47  High Templar x2  
  154  14:48  Stalker  
  154  14:49  Stalker x3  
  154  14:51  Archon  
  166  15:05  Twilight Council  
  140  15:18  Stalker x2  
  140  15:19  Stalker x4  
Tags
 
Add a new tag
Caveats
  • Supply blocks, unpowered buildings, or Contaminate may cause inaccurate times.
  • Supply counts are checked every 10 seconds.